 Dungeon Crawl Stone Soup version 0.30-a0-170-g85af917532 (webtiles) character file.

Game seed: 7709481712815226408

1038 qw the Chopper (level 8, -7/50 HPs)
             Began as a Gargoyle Fighter on Sept 30, 2022.
             Was an Initiate of Okawaru.
             Mangled by a wight
             ... wielding a +3 great sword of freezing
              (8 damage)
             ... on level 6 of the Dungeon.
             The game lasted 00:01:41 (5402 turns).

qw the Chopper (Gargoyle Fighter)                   Turns: 5402, Time: 00:01:42

Health: -7/50      AC: 19    Str: 22    XL:     8   Next: 24%
Magic:  8/8        EV:  7    Int:  9    God:    Okawaru [......]
Gold:   360        SH:  4    Dex:  9    Spells: 7/7 levels left

rFire   . . .      SeeInvis +    Y - +1 war axe
rCold   . . .      Faith    .    c - +0 buckler
rNeg    + . .      Spirit   .    t - +0 chain mail
rPois   inf        Reflect  .    h - +0 helmet
rElec   +          Harm     .    k - +0 cloak
rCorr   .          Rampage  .    j - +1 pair of gloves
Will    .....                    (no boots)
Stlth   ..........               (no amulet)
HPRegen 0.16/turn                m - ring of see invisible
MPRegen 0.11/turn                (no ring)

@: about to teleport
A: sickness immunity, AC +5, negative energy resistance 1, electricity
resistance, torment resistance 1, petrification resistance
a: Renounce Religion


You were on level 6 of the Dungeon.
You worshipped Okawaru.
Okawaru was noncommittal.
You visited 2 branches of the dungeon, and saw 7 of its levels.

You collected 360 gold pieces.


Innate Abilities, Weirdness & Mutations

You are immune to sickness and miasma.
Your stone body is resilient. (AC +5)
You are immune to poison.
You resist negative energy. (rN+)
You are resistant to electric shocks. (rElec)
You are resistant to unholy torment.
You are immune to petrification.


   Skills:
 - Level 5.5 Fighting
 + Level 7.2 Axes
 - Level 1.3 Throwing
 - Level 4.0 Armour
 - Level 1.1 Dodging
 - Level 3.2 Shields


You had 7 spell levels left.
You didn't know any spells.
Your spell library was empty.

Inventory:

Hand Weapons
 e - a +0 flail
 Y - a +1 war axe (weapon)
Missiles
 q - 5 boomerangs (quivered)
Armour
 a - the +5 leather armour "Kehyash" {rC+ Will+}
   (You found it on level 2 of the Dungeon)

   rC:        It protects you from cold.
   Will:      It increases your willpower.
 c - a +0 buckler (worn)
 h - a +0 helmet (worn)
 j - a +1 pair of gloves (worn)
 k - a +0 cloak (worn)
 t - a +0 chain mail (worn)
Jewellery
 m - a ring of see invisible (left hand)
 n - a ring of protection from cold
Scrolls
 f - a scroll of teleportation
 s - a scroll of brand weapon {unknown}
 w - a scroll of identify
Potions
 d - 2 potions of might
 g - 2 potions of haste
 i - 4 potions of curing
 l - 3 potions of heal wounds
 o - a potion of attraction {unknown}
 p - a potion of mutation {unknown}
 r - a potion of resistance {unknown}
 u - a potion of invisibility {unknown}
 v - a potion of cancellation {unknown}

Dungeon Overview and Level Annotations

Branches:
Dungeon (6/15)             Temple (1/1) D:5

Altars:
Ashenzari
Cheibriados
Dithmenos
Elyvilon
Fedhas
Gozag
Hepliaklqana
Kikubaaqudgha
Makhleb
Nemelex Xobeh
Okawaru
Qazlal
Ru
Sif Muna
Uskayaw
Vehumet
Wu Jian
Xom
Yredelemnul
Zin
The Shining One

Annotations:
D:6 2 transporters, qw's ghost, novice GrFi


Message History

You barely miss the wight.
The wight is severely damaged.
The wight hits you with a +2 long sword.
You closely miss the wight.
The wight is severely damaged.
You hit the wight.
The wight is almost destroyed.
You closely miss the wight. You block the wight's attack.
The wight barely misses you.
You slash the wight!
You destroy the wight!
Okawaru accepts your kill.
You barely miss the wight.
The wight hits you with a +3 great sword of freezing!
The wight freezes you.
Your Armour skill increases to level 4!
You closely miss the wight. The wight closely misses you.
The wight hits you but does no damage.
You hit the wight but do no damage. The wight barely misses you.
You slash the wight!
The wight is almost destroyed.
The wight hits you with a +3 great sword of freezing.
The wight freezes you.
You closely miss the wight.
The wight is almost destroyed.
The wight hits you with a +3 great sword of freezing!
The wight freezes you.
You hit the wight.
The wight is almost destroyed.
The wight closely misses you. You block the wight's attack.
You closely miss the wight.
The wight is almost destroyed.
The wight hits you with a +3 great sword of freezing!
The wight freezes you.
5402 ||| READING 2 scrolls of teleportation.
As you read the scroll of teleportation, it crumbles to dust.
You feel strangely unstable.
The wight hits you with a +3 great sword of freezing!
You die...

#...# #.....:#
#...#
#.########
#...#
#.........
###.##
#..#######
.....#
#.......#
###..#
##.####.# #..#
#.# #.# #..#
########.####.#
#..#
#.......)@....#
#..#
#.######z######
#..# #.# #.#
###..# #.# #(#
.....#
#.######.#
.....#
#.........
~~~~.#
#.########
~~~~.# #.#
##~~.###.##


You could see a wight.

Vanquished Creatures
  A wyvern (D:6)
  2 black bears
  A centaur (D:5)
  A gnoll sergeant (D:5)
  A scorpion (D:4)
  A wight (D:6)
  A hound (D:5)
  3 jellies
  An orc priest (D:4)
  A gnoll bouda (D:5)
  2 iguanas (D:5)
  9 gnolls
  8 adders
  A shadow imp (D:4)
  2 worms
  3 dart slugs
  4 orcs
  3 bats
  4 endoplasms
  2 giant cockroaches
  9 goblins
  4 hobgoblins
  5 kobolds
  6 ball pythons
  2 frilled lizards
  7 rats
84 creatures vanquished.

Vanquished Creatures (others)
  6 plants (D:6)
6 creatures vanquished.

Grand Total: 90 creatures vanquished

Notes
Turn   | Place    | Note
-------+----------+-------------------------------------------
     0 | D:1      | qw the Gargoyle Fighter began the quest for the Orb.
     0 | D:1      | Reached XP level 1. HP: 14/14 MP: 1/1
     0 | D:1      | 0 ||| qw: Version: 0.2-a-12-gaebbb33
     0 | D:1      | 0 ||| qw: Game counter: 1489
     0 | D:1      | 0 ||| qw: Always use a shield: true
     0 | D:1      | 0 ||| qw: God list: Okawaru
     0 | D:1      | 0 ||| qw: Allow faded altars: false
     0 | D:1      | 0 ||| qw: Do Orc after D:15 true
     0 | D:1      | 0 ||| qw: Do second Lair branch before Depths: true
     0 | D:1      | 0 ||| qw: Lair rune preference: random
     0 | D:1      | 0 ||| qw: Plans: Normal, Zot:1-4, God:TSO, Crypt, Tomb,
                  | Pan, Slime:5, Hells, Abyss, Orb
     0 | D:1      | 0 ||| PLANNING D:1-11
    33 | D:1      | Reached skill level 2 in Axes
   210 | D:1      | Reached XP level 2. HP: 19/19 MP: 2/2
   283 | D:1      | Found a faded altar of an unknown god.
   658 | D:1      | 658 ||| UPGRADING to +0 helmet.
   663 | D:1      | 663 ||| READING 3 scrolls labelled YMYWEI QYETS.
   664 | D:1      | 664 ||| READING scroll labelled VOARPH GOSE.
   665 | D:1      | 665 ||| READING scroll labelled BARILESSIDUCS.
   666 | D:1      | 666 ||| DRINKING 2 emerald potions.
   667 | D:1      | 667 ||| DROPPING 2 scrolls of butterflies.
   788 | D:2      | Identified the +5 leather armour "Kehyash" {rC+ Will+}
   806 | D:2      | Reached skill level 3 in Axes
   817 | D:2      | Reached XP level 3. HP: 23/23 MP: 3/3
   854 | D:2      | 854 ||| DROPPING +0 club.
   855 | D:2      | Found a burning altar of Makhleb.
  1178 | D:2      | 1178 ||| UPGRADING to +5 leather armour "Kehyash" {rC+
                  | Will+}.
  1188 | D:2      | 1188 ||| UPGRADING to +0 pair of gloves.
  1193 | D:2      | 1193 ||| READING scroll labelled HEUSHIULACE.
  1194 | D:2      | 1194 ||| READING scroll labelled WIKYRO BYMNO.
  1195 | D:2      | 1195 ||| READING scroll labelled FEELOGINAE.
  1196 | D:2      | 1196 ||| READING scroll labelled KUMMYN KUGREM.
  1200 | D:2      | 1200 ||| DRINKING 2 silvery potions.
  1317 | D:3      | 1317 ||| Stepping ~*~*~tactically~*~*~ (stealth).
  1318 | D:3      | 1318 ||| Stepping ~*~*~tactically~*~*~ (stealth).
  1329 | D:3      | Noticed a black bear
  1339 | D:3      | Killed a black bear
  1340 | D:3      | Reached skill level 4 in Axes
  1340 | D:3      | Reached XP level 4. HP: 28/28 MP: 4/4
  1340 | D:3      | Reached XP level 5. HP: 32/32 MP: 5/5
  1365 | D:3      | 1365 ||| FLEEEEING.
  1556 | D:3      | Reached skill level 1 in Dodging
  1804 | D:3      | 1804 ||| UPGRADING to ring of see invisible.
  1805 | D:3      | 1805 ||| READING scroll labelled BULEHA FOUXTO.
  1806 | D:3      | 1806 ||| READING scroll labelled BISAC RECOCE.
  1807 | D:3      | 1807 ||| DRINKING 2 red potions.
  1808 | D:3      | 1808 ||| DRINKING 3 fuming grey potions.
  1809 | D:3      | 1809 ||| DROPPING potion of magic.
  1824 | D:4      | Reached skill level 5 in Axes
  2167 | D:4      | Reached XP level 6. HP: 30/38 MP: 6/6
  2245 | D:4      | Found an ornate altar of the Wu Jian Council.
  3017 | D:4      | 3017 ||| DROPPING +0 scale mail.
  3018 | D:4      | 3018 ||| UPGRADING to +0 cloak.
  3023 | D:4      | 3023 ||| UPGRADING to +0 chain mail.
  3033 | D:4      | 3033 ||| READING scroll labelled EHUBLU KORHIWE.
  3034 | D:4      | 3034 ||| READING scroll labelled RYUKEO TEN BAGG.
  3056 | D:5      | Entered Level 5 of the Dungeon
  3123 | D:5      | 3123 ||| READING scroll of enchant armour.
  3123 | D:5      | 3123 ||| ENCHANTING +0 pair of gloves.
  3128 | D:5      | 3128 ||| Stepping ~*~*~tactically~*~*~ (hiding).
  3136 | D:5      | Reached skill level 1 in Throwing
  3154 | D:5      | Reached XP level 7. HP: 20/43 MP: 7/7
  3154 | D:5      | HP: 7/43 [gnoll/+0 flail[a gnoll bouda] (9)]
  3155 | D:5      | 3155 ||| READING scroll of teleportation.
  3156 | D:5      | 3156 ||| DRINKING 3 potions of heal wounds.
  3186 | D:5      | 3186 ||| FLEEEEING.
  3187 | D:5      | 3187 ||| FLEEEEING.
  3188 | D:5      | 3188 ||| FLEEEEING.
  3189 | D:5      | 3189 ||| FLEEEEING.
  3190 | D:5      | 3190 ||| FLEEEEING.
  3191 | D:5      | 3191 ||| FLEEEEING.
  3192 | D:5      | 3192 ||| FLEEEEING.
  3196 | D:5      | 3196 ||| FLEEEEING.
  3197 | D:5      | 3197 ||| STAIRDANCE
  3302 | D:5      | Reached skill level 6 in Axes
  3304 | D:5      | 3304 ||| Stepping ~*~*~tactically~*~*~ (hiding).
  3305 | D:5      | 3305 ||| STAIRDANCE
  3351 | D:5      | 3351 ||| STAIRDANCE
  3414 | D:4      | 3414 ||| DROPPING +0 whip.
  3472 | D:5      | 3472 ||| DROPPING +2 whip of venom.
  3521 | D:5      | 3521 ||| FLEEEEING.
  3522 | D:5      | 3522 ||| FLEEEEING.
  3523 | D:5      | 3523 ||| FLEEEEING.
  3524 | D:5      | 3524 ||| FLEEEEING.
  3525 | D:5      | 3525 ||| STAIRDANCE
  3559 | D:5      | Reached skill level 7 in Axes
  3563 | D:5      | 3563 ||| STAIRDANCE
  3699 | D:5      | Found a staircase to the Ecumenical Temple.
  3710 | D:5      | 3710 ||| PLANNING TEMPLE
  3712 | Temple   | Entered the Ecumenical Temple
  3713 | Temple   | 3713 ||| PLANNING OKAWARU WORSHIP
  4344 | Temple   | Became a worshipper of Warmaster Okawaru
  4345 | Temple   | 4345 ||| PLANNING D:1-11
  4686 | D:5      | 4686 ||| DRINKING 2 brown potions.
  4687 | D:5      | 4687 ||| DROPPING potion of brilliance.
  4973 | D:6      | Noticed a wyvern
  4978 | D:6      | Killed a wyvern
  4979 | D:6      | Reached XP level 8. HP: 33/50 MP: 8/8
  5146 | D:6      | Found a transporter.
  5154 | D:6      | Identified the +2 scale mail of the First Planets {Rampage
                  | +Blink Will- Dex+7}
  5157 | D:6      | Noticed qw's ghost (novice GrFi)
  5276 | D:6      | Found a transporter.
  5377 | D:6      | 5377 ||| Stepping ~*~*~tactically~*~*~ (stealth).
  5385 | D:6      | 5385 ||| Stepping ~*~*~tactically~*~*~ (stealth).
  5401 | D:6      | HP: 6/50 [wight/+3 great sword of freezing (12)]
  5401 | D:6      | HP: 1/50 [wight/+3 great sword of freezing (5)]
  5402 | D:6      | 5402 ||| READING 2 scrolls of teleportation.
  5402 | D:6      | Mangled by a wight

Levels and vault maps discovered:
D:1:      sevenhm_arrival_forest_fort_large_1, layout_rooms,
          ebering_ecumenical_altar_hall
D:2:      layout_rooms, basic_altar
D:3:      layout_basic
D:4:      layout_basic, general_overflow_altar, dk_noncrumbling_3
D:5:      layout_basic, minmay_temple_entry_slanted
D:6:      layout_loops_ring, gammafunk_ghost_gnarly_gnolls
Temple:   compressed_dpeg_triangle_lava_temple

Skill      XL: |  1  2  3  4  5  6  7  8 |
---------------+-------------------------+-----
Axes           | 2 3 4 5 7 |  7.2
Dodging        | 1 |  1.1
Fighting       | 4 5 |  5.5
Throwing       | 1 |  1.3
Armour         | 4 |  4.0
Shields        | |  3.2

Action                   |  1- 3 |  4- 6 |  7- 9 || total
-------------------------+-------+-------+-------++-------
Melee: War axe           |    67 |   142 |    49 ||   258
Throw: Boomerang         |       |    11 |     5 ||    16
       Javelin           |       |     1 |     5 ||     6
  Use: Scroll            |     7 |     5 |     2 ||    14
       Potion            |     2 |     2 |     2 ||     6
Armor: Scale mail        |    19 |       |       ||    19
       Leather armour    |    11 |    52 |       ||    63
       Chain mail        |       |    17 |    50 ||    67
Dodge: Dodged            |    24 |    79 |    24 ||   127
Block: Buckler           |    14 |    21 |    14 ||    49

Table legend:
 A = Non-vault XP
 B = Vault XP
 C = Vault XP percentage of total XP
 D = Non-vault monster count
 E = Vault monster count
 F = Vault count percentage of total count
                 A         B        C        D         E       F
            +---------+---------+-------+---------+---------+-------
      Total |    1479 |       4 |   0.3 |      81 |       3 |   3.6
            +---------+---------+-------+---------+---------+-------
        D:1 |      18 |       4 |  18.2 |       9 |       3 |  25.0
        D:2 |      29 |       0 |   0.0 |      10 |       0 |   0.0
        D:3 |     193 |       0 |   0.0 |      21 |       0 |   0.0
        D:4 |     257 |       0 |   0.0 |      19 |       0 |   0.0
        D:5 |     617 |       0 |   0.0 |      17 |       0 |   0.0
        D:6 |     365 |       0 |   0.0 |       5 |       0 |   0.0
            +---------+---------+-------+---------+---------+-------
